 Dungeon Crawl Stone Soup version 0.27.1 (webtiles) character file.

Game seed: 15046159314414199159

9842 DoubleLucky the Arsonist (level 11, -5/94 HPs)
             Began as a Black Draconian Fire Elementalist on Aug 21, 2021.
             Was an Elder of Sif Muna.
             Slain by a polar bear (8 damage)
             ... while petrified by a basilisk
             ... on level 1 of the Lair of Beasts.
             The game lasted 01:16:07 (14959 turns).

DoubleLucky the Arsonist (DrFE)                    Turns: 14959, Time: 01:16:08

Health: -5/94      AC: 16    Str:  9    XL:     11   Next: 28%
Magic:  7/33       EV:  2    Int: 18    God:    Sif Muna [****..]
Gold:   425        SH:  0    Dex: 13    Spells: 22/29 levels left

rFire    . . .     SeeInvis .   u - +5 dagger "Yregudysch" {vorpal, Dex+4}
rCold    . . .     Faith    .   (no shield)
rNeg     + + +     Spirit   .   (armour unavailable)
rPois    ∞         Reflect  .   a - +2 hat
rElec    +         Harm     .   (no cloak)
rCorr    .         Rampage  .   l - +2 pair of gloves
Will     .....                  (no boots)
Stlth    +++.......             (no amulet)
HPRegen  0.25/turn              b - ring of magical power
MPRegen  0.23/turn              D - ring of Cimeheh {rN++ AC+4 Str-3 Dex-2 Stlth+}

@: petrified, hasted
A: breathe lightning, AC +7, unfitting armour, electricity resistance,
cold-blooded
a: Breathe Lightning, Renounce Religion, Channel Magic, Forget Spell, Divine
Exegesis


You were on level 1 of the Lair of Beasts.
You worshipped Sif Muna.
Sif Muna was greatly pleased with you.
You visited 2 branches of the dungeon, and saw 10 of its levels.

You collected 553 gold pieces.
You spent 128 gold pieces at shops.

Inventory:

Hand Weapons
 u - the +5 dagger "Yregudysch" (weapon) {vorpal, Dex+4}
   (You found it on level 5 of the Dungeon)

   It inflicts extra damage upon your enemies.
   Dex:       It affects your dexterity (+4).
Missiles
 r - 3 javelins
 v - 2 throwing nets
 B - 42 poisoned darts
Armour
 a - a +2 hat (worn)
 g - a +0 kite shield
 l - a +2 pair of gloves (worn)
Jewellery
 b - a ring of magical power (left hand)
 h - a +6 ring of dexterity
 n - a ring of flight
 s - a +4 ring of evasion
 D - the ring of Cimeheh (right hand) {rN++ AC+4 Str-3 Dex-2 Stlth+}
   (You found it on level 7 of the Dungeon)

   [ring of protection]

   AC:        It affects your AC (+4).
   Str:       It affects your strength (-3).
   Dex:       It affects your dexterity (-2).
   rN:        It greatly protects you from negative energy.
   Stlth:     It makes you more stealthy.
 J - a ring of ice
Wands
 c - a wand of acid (10)
 o - a wand of paralysis (14)
 x - a wand of flame (49)
Scrolls
 d - 3 scrolls of teleportation
 k - 3 scrolls of enchant weapon
 m - 2 scrolls of enchant armour
 q - 2 scrolls of blinking
 t - 4 scrolls of amnesia {unknown}
 w - a scroll of torment {unknown}
 y - a scroll of acquirement {unknown}
 z - a scroll of noise {unknown}
 A - a scroll of holy word {unknown}
 C - 2 scrolls of fear {unknown}
 G - a scroll of fog {unknown}
 K - a scroll of immolation {unknown}
Potions
 f - 2 potions of brilliance
 i - 2 potions of might
 j - 4 potions of heal wounds
 p - 2 potions of curing
 E - a potion of mutation {unknown}
 F - 2 potions of flight
 H - a potion of berserk rage
 I - a potion of magic {unknown}


   Skills:
 - Level 8.0 Fighting
 - Level 1.7 Dodging
 - Level 1.7 Stealth
 + Level 9.9 Spellcasting
 + Level 6.4 Conjurations
 - Level 10.0 Fire Magic
 - Level 5.0 Invocations


You had 22 spell levels left.
You knew the following spells:

 Your Spells              Type           Power      Damage    Failure   Level
a - Foxfire               Conj/Fire      100%       2x1d9     1%          1
b - Conjure Flame         Conj/Fire      38%        6-21      1%          3
c - Inner Flame           Hex/Fire       26%        N/A       3%          3

Your spell library contained the following spells:

 Spells                   Type           Power      Damage    Failure   Level
 Sticky Flame             Conj/Fire      38%        2d6       2%          4
 Ignite Poison            Fire/Tmut/Pois 20%        N/A       6%          3
 Fireball                 Conj/Fire      19%        3d9       8%          5
 Mephitic Cloud           Conj/Pois/Air  16%        N/A       10%         3
 Bolt of Magma            Conj/Fire/Erth 14%        4d8       24%         5


Dungeon Overview and Level Annotations

Branches:
Dungeon (9/15)             Temple (0/1) D:6            Lair (1/6) D:9
    Orc (0/2) D:9

Altars:
Dithmenos
Fedhas
Makhleb
Okawaru
Ru
Sif Muna
Uskayaw
Yredelemnul
Zin

Shops:
D:2 (   D:3 ?   D:7 (   D:9 !

Annotations:
D:6 exclusion: oklob sapling


Innate Abilities, Weirdness & Mutations

You can breathe wild blasts of lightning.
Your glossy black scales are hard. (AC +7)
You cannot fit into any form of body armour.
You are resistant to electric shocks. (rElec)
You are cold-blooded and may be slowed by cold attacks.


Message History

The basilisk bites you but does no damage.
The polar bear is engulfed in blazing flames.
Flame seeps out of the polar bear.
The polar bear goes berserk!
You feel yourself speed up.
The blink frog blinks!
The basilisk gazes at you.
You are slowing down.
The polar bear is engulfed in blazing flames.
Flame seeps out of the polar bear.
The polar bear's inner flame fades away.
The polar bear bites you!
The polar bear claws you but does no damage.
The polar bear barely misses you. x2
The polar bear claws you but does no damage. x2
Your limbs are stiffening.
There is a staircase back to the Dungeon here.
The polar bear bites you! The polar bear claws you.
* * * LOW HITPOINT WARNING * * *
The polar bear claws you but does no damage.
The blink frog blinks!
The polar bear closely misses you. The polar bear claws you.
* * * LOW HITPOINT WARNING * * *
The polar bear claws you but does no damage.
You have turned to stone.
The polar bear bites you!!
* * * LOW HITPOINT WARNING * * *
The polar bear claws you but does no damage. x2
The blink frog hits you.
* * * LOW HITPOINT WARNING * * *
The blink frog blinks!
The polar bear bites you.
* * * LOW HITPOINT WARNING * * *
The polar bear claws you but does no damage. x2
The blink frog hits you. The polar bear bites you!
* * * LOW HITPOINT WARNING * * *
The polar bear claws you.
* * * LOW HITPOINT WARNING * * *
The polar bear claws you but does no damage.
The blink frog hits you but does no damage.
The polar bear bites you!
You die...

#####$...#..[.
##.[....#.....
#.......#.#.#
#.......#...#
#......F....#
##..........#
#....#...F.#
#....#...hF#
#..#..#...#@#
#.###.....###
#. #.....#
......#####
##..#..8 #.
#... .. .8.8 .
.#.... .###.


You could see a polar bear (berserk) and 3 blink frogs.

Vanquished Creatures
  A hydra (Lair:1)
  2 two-headed ogres
  Maggie (D:6)
  A freezing wraith (D:9)
  2 komodo dragons
  A hornet (D:8)
  A snapping turtle (shapeshifter) (D:9)
  A shadow (D:9)
  3 yaks (D:4)
  2 vampire mosquitoes (D:9)
  A two-headed ogre zombie (D:9)
  An acid dragon (D:7)
  Edmund (D:6)
  2 orc warriors
  2 sky beasts
  Duvessa (D:6)
  2 black bears
  2 necrophages
  An ogre (D:6)
  2 centaurs (D:8)
  2 phantoms
  4 kobold brigands
  6 bullfrogs
  A wyvern zombie (D:8)
  4 scorpions
  Dowan (D:7)
  23 killer bees
  8 wights
  4 troll zombies (D:9)
  6 howler monkeys
  5 hounds
  A bullfrog zombie (D:7)
  6 orc priests
  A centaur skeleton (D:4)
  A bullfrog skeleton (D:5)
  2 jellies
  Jessica (D:3)
  4 iguanas
  12 orc wizards
  2 killer bee zombies
  3 ogre zombies (D:9)
  A hound zombie (D:5)
  2 hound skeletons (D:4)
  A howler monkey zombie (D:9)
  2 gnolls
  9 adders
  A shadow imp (D:5)
  2 white imps (D:7)
  2 ufetubi (D:4)
  5 adder skeletons (D:4)
  4 worms
  2 dart slugs
  20 orcs
  5 bats
  3 endoplasms
  3 giant cockroaches
  9 goblins
  6 hobgoblins
  27 kobolds
  4 quokkas
  2 ball pythons (D:1)
  4 frilled lizards
  2 goblin skeletons (D:9)
  3 goblin zombies (D:9)
  3 hobgoblin zombies (D:9)
  5 orc skeletons (D:9)
  12 orc zombies (D:9)
  9 rats
  A spectral orc (D:3)
  A bush (D:6)
277 creatures vanquished.

Vanquished Creatures (collateral kills)
  9 foxfires
9 creatures vanquished.

Vanquished Creatures (others)
  938 foxfires
  21 fungi
  62 plants
1021 creatures vanquished.

Grand Total: 1307 creatures vanquished

Notes
Turn   | Place    | Note
-------+----------+-------------------------------------------
     0 | D:1      | DoubleLucky the Draconian Fire Elementalist began the quest
                  | for the Orb.
     0 | D:1      | Reached XP level 1. HP: 14/14 MP: 3/3
   274 | D:1      | Reached XP level 2. HP: 22/22 MP: 5/5
   380 | D:1      | Reached skill level 1 in Fighting
   703 | D:1      | Reached XP level 3. HP: 28/28 MP: 6/6
   703 | D:1      | Found a faded altar of an unknown god.
  2157 | D:2      | Reached XP level 4. HP: 36/36 MP: 8/8
  2441 | D:2      | Reached skill level 4 in Fire Magic
  2481 | D:2      | Found Jitunul's Weapon Shop.
  2735 | D:3      | Noticed Jessica
  2743 | D:3      | Killed Jessica
  2744 | D:3      | Reached XP level 5. HP: 44/44 MP: 9/9
  2944 | D:3      | Noticed a black bear
  2968 | D:3      | Killed a black bear
  3128 | D:3      | Found a hide-covered altar of Uskayaw.
  3143 | D:3      | Found Ganlaash's Magic Scroll Shoppe.
  3358 | D:3      | Reached XP level 6. HP: 47/51 MP: 11/11
  3497 | D:3      | Found a basalt altar of Yredelemnul.
  3565 | D:4      | Learned a level 3 spell: Conjure Flame
  3580 | D:4      | You fall into a shaft and drop 1 floor!
  3580 | D:5      | Entered Level 5 of the Dungeon
  3846 | D:4      | Reached skill level 5 in Fire Magic
  4112 | D:4      | Your scales start taking on a glossy black colour.
  4112 | D:4      | Reached XP level 7. HP: 58/60 MP: 7/13
  4112 | D:4      | Gained mutation: You are resistant to electric shocks.
                  | (rElec) [Black Draconian growth]
  4702 | D:4      | Found an iron altar of Okawaru.
  4928 | D:4      | Found a shimmering blue altar of Sif Muna.
  4928 | D:4      | Found a burning altar of Makhleb.
  4937 | D:4      | Became a worshipper of Sif Muna the Loreminder
  4985 | D:5      | Learned a level 3 spell: Inner Flame
  5038 | D:5      | Reached skill level 5 in Fighting
  5413 | D:5      | Found a glowing silver altar of Zin.
  5495 | D:5      | Noticed a yak
  5495 | D:5      | Noticed a yak
  5499 | D:5      | Noticed a yak
  5981 | D:4      | Killed a yak
  5982 | D:4      | Reached skill level 5 in Spellcasting
  5982 | D:4      | Reached skill level 6 in Fire Magic
  6174 | D:4      | Killed a yak
  6175 | D:4      | Reached XP level 8. HP: 47/70 MP: 16/16
  6444 | D:5      | Found a blossoming altar of Fedhas.
  7092 | D:5      | Found a shadowy altar of Dithmenos.
  7421 | D:5      | Identified the +5 dagger "Yregudysch" {vorpal, Dex+4}
  7514 | D:6      | Reached * piety under Sif Muna
  7515 | D:6      | Reached skill level 7 in Fire Magic
  7518 | D:6      | Found a sacrificial altar of Ru.
  7725 | D:6      | Reached XP level 9. HP: 57/79 MP: 3/18
  7992 | D:6      | Noticed Maggie
  8004 | D:6      | Killed Maggie
  8160 | D:6      | Reached skill level 8 in Fire Magic
  8836 | D:6      | Reached ** piety under Sif Muna
  9130 | D:6      | Noticed Edmund
  9140 | D:6      | Killed Edmund
  9343 | D:6      | Found a staircase to the Ecumenical Temple.
  9379 | D:7      | Noticed Duvessa
  9383 | D:7      | Noticed Dowan
  9442 | D:7      | Killed Dowan
  9462 | D:6      | Killed Duvessa
  9665 | D:7      | Found Roguazuh's Antique Weapon Shop.
  9711 | D:7      | Reached skill level 9 in Fire Magic
 10272 | D:7      | Reached skill level 1 in Invocations
 10418 | D:7      | Reached XP level 10. HP: 88/88 MP: 22/22
 10800 | D:7      | Identified the ring of Cimeheh {rN++ AC+4 Str-3 Dex-2
                  | Stlth+}
 11308 | D:8      | Noticed a two-headed ogre
 11370 | D:7      | Killed a two-headed ogre
 12413 | D:9      | Reached *** piety under Sif Muna
 13025 | D:9      | Reached skill level 5 in Invocations
 13341 | D:9      | Reached skill level 5 in Conjurations
 13508 | D:9      | Found a staircase to the Orcish Mines.
 13596 | D:9      | Noticed a two-headed ogre
 13613 | D:9      | Killed a two-headed ogre
 13614 | D:9      | Reached XP level 11. HP: 29/94 MP: 13/24
 13922 | D:9      | Found Naseh's Distillery.
 13938 | D:9      | Bought a potion of berserk rage for 80 gold pieces
 13938 | D:9      | Bought a potion of flight for 48 gold pieces
 13990 | D:9      | Found a staircase to the Lair.
 14032 | D:9      | Reached **** piety under Sif Muna
 14899 | Lair:1   | Entered Level 1 of the Lair of Beasts
 14901 | Lair:1   | Noticed a four-headed hydra
 14908 | Lair:1   | Killed a four-headed hydra
 14909 | Lair:1   | Reached skill level 10 in Fire Magic
 14958 | Lair:1   | HP: 3/94 [polar bear (7)]
 14959 | Lair:1   | Slain by a polar bear

Illustrated notes

Levels and vault maps discovered:
D:1:      saegor_arrival_under_anarchy, layout_loops_ring,
          basic_ecumenical_altar
D:2:      layout_loops_corners, serial_shops, shop, roderic_nine_men_s_morris
D:3:      layout_rooms, nicolae_uskayaw_murder_on_the_dancefloor,
          yredelemnul_forgotten_temple_becter, serial_shops, shop,
          cheibrodos_gnoll_hut, uniq_jessica
D:4:      layout_loops_ring, gammafunk_temple_overflow_wave,
          mainiacjoe_overflow_paths
D:5:      layout_loops_corners, mainiacjoe_overflow_chevrons, zin_scriptorium,
          fedhas_ov_isle_minmay
D:6:      layout_loops_cross, nicolae_ru_great_annihilating_truth,
          minmay_temple_entry_oklob, lexackson_kobold_supper, uniq_edmund,
          uniq_maggie
D:7:      layout_gridville, serial_shops, shop, uniq_duvessa,
          uniq_crazy_yiuf_cottage
D:8:      layout_rooms
D:9:      layout_stronghold, david_lair_shrubbed, zombieorc2_lemuel,
          serial_shops, shop_coins, minmay_fractal_squares_gapless_7
Lair:1:   beast_lair_carwin_large_1, layout_misc_corridors, grunt_megastairs_3

Skill      XL: |  1  2  3  4  5  6  7  8  9 10 11 |
---------------+----------------------------------+-----
Fighting       | 1 2 3 4 5 7 8 |  8.0
Spellcasting   | 3 4 5 6 8 9 |  9.9
Fire Magic     | 4 5 6 7 9 10 | 10.0
Invocations    | 1 5 |  5.0
Conjurations   | 2 5 6 |  6.4
Dodging        | |  1.7
Stealth        | |  1.7

Action                   |  1- 3 |  4- 6 |  7- 9 | 10-12 || total
-------------------------+-------+-------+-------+-------++-------
Melee: Unarmed           |     3 |       |       |       ||     3
       Dagger            |    26 |    38 |    28 |     7 ||    99
       Tailslap          |     3 |     6 |     4 |     1 ||    14
 Cast: Foxfire           |    64 |    94 |   248 |   189 ||   595
       Conjure Flame     |       |     3 |    12 |       ||    15
       Inner Flame       |       |       |    73 |    84 ||   157
 Abil: Breathe Lightning |       |       |     5 |     1 ||     6
  Use: Scroll            |       |     4 |     1 |     3 ||     8
       Potion            |       |       |     1 |     6 ||     7
Armor: Skin              |     8 |    66 |    54 |    85 ||   213
Dodge: Dodged            |    26 |    93 |    85 |   105 ||   309
